 Dungeon Crawl Stone Soup version 0.28.0-45-g0d030f2227 (webtiles) character file.

Game seed: 7848863143449058474

1920 Kangaroobicon the Cutter (level 8, -3/78 HPs)
             Began as a Troll Brigand on Apr 14, 2022.
             Was a High Priest of Ignis.
             Slain by a wyvern skeleton (7 damage)
             ... on level 6 of the Dungeon on Apr 15, 2022.
             The game lasted 00:53:32 (4230 turns).

Kangaroobicon the Cutter (Troll Brigand)            Turns: 4230, Time: 00:53:32

Health: -3/78      AC:  7    Str: 20      XL:     8   Next: 96%
Magic:  7/7        EV: 10    Int: 12      God:    Ignis [*****.]
Gold:   196        SH:  0    Dex: 11 (13) Spells: 7/7 levels left

rFire   + + .      SeeInvis .   r - +4 dagger "Morg" {pain, Will+ Int+5}
rCold   . . .      Faith    .   (no shield)
rNeg    . . .      Spirit   .   m - +2 robe {rF+}
rPois   .          Reflect  .   (helmet restricted)
rElec   .          Harm     .   c - +0 cloak
rCorr   .          Rampage  .   (gloves unavailable)
Will    ++...                   (boots unavailable)
Stlth   ++........              (no amulet)
HPRegen 1.03/turn               y - ring of willpower
MPRegen 0.10/turn               (no ring)

@: no status effects
A: large, unfitting armour, claws 3, regeneration 1, shaggy fur 1, tough skin 1
a: Renounce Religion, Fiery Armour, Foxfire Swarm, Rising Flame


You were on level 6 of the Dungeon.
You worshipped Ignis.
Ignis was extremely pleased with you.
You visited 1 branch of the dungeon, and saw 6 of its levels.

You collected 196 gold pieces.

Inventory:

Hand Weapons
 a - a +2 dagger
 e - a +2 scythe of venom
 o - a +0 hunting sling
 r - the +4 dagger "Morg" (weapon) {pain, Will+ Int+5}
   (You found it on level 3 of the Dungeon)

   In the hands of one skilled in necromantic magic, it inflicts extra damage on
   living creatures.
   Int:       It affects your intelligence (+5).
   Will:      It increases your willpower.
 A - a +1 whip of freezing
Missiles
 b - 2 curare-tipped darts
 d - 8 poisoned darts (quivered)
 g - 138 stones
 i - 44 bolts
 k - 76 arrows
 s - 4 datura-tipped darts
 x - 34 sling bullets
 C - 5 boomerangs
 F - 6 boomerangs of dispersal
Armour
 c - a +0 cloak (worn)
 m - a +2 robe of fire resistance (worn)
 w - a scarf of resistance
Magical Staves
 q - a staff of air
Jewellery
 y - a ring of willpower (left claw)
Wands
 z - a wand of polymorph (1)
Scrolls
 l - 2 scrolls of teleportation
 n - a scroll of enchant weapon
 t - a scroll of blinking
 v - a scroll of brand weapon
 D - a scroll of immolation {unknown}
 E - a scroll of silence {unknown}
 G - a scroll of torment {unknown}
Potions
 f - a potion of curing {unknown}
 h - 2 potions of flight
 j - a potion of lignification {unknown}
 p - a potion of heal wounds {unknown}
 u - a potion of brilliance {unknown}
 B - 2 potions of haste


   Skills:
 + Level 3.8 Fighting
 + Level 5.0 Short Blades
 + Level 4.1 Throwing
 * Level 1.8 Armour
 + Level 3.8 Dodging
 * Level 4.4 Stealth


You had 7 spell levels left.
You didn't know any spells.
Your spell library contained the following spells:

 Spells                   Type           Power      Damage    Failure   Level
 Freeze                   Ice            0%         1d3       32%         1


Dungeon Overview and Level Annotations

Branches:
Dungeon (6/15)
 Temple: D:4-7

Altars:
Kikubaaqudgha
Okawaru
Trog
Yredelemnul
Zin
The Shining One
Ignis

Shops:
D:1 !   D:3 (

Annotations:
D:6 Eustachio


Innate Abilities, Weirdness & Mutations

You are too large for most types of armour.
You have claws for hands.
Your natural rate of healing is unusually fast.
You are covered in fur. (AC +1)
You have tough skin. (AC +1)


Message History

The quasit is moderately wounded.
The iron imp disappears in a puff of smoke!
The wyvern skeleton closely misses you.
The quasit bites you but does no damage.
The quasit claws you but does no damage. x2
Eustachio screams, "This atrocity can only be purified with blood!"
You barely miss the quasit.
The quasit is moderately wounded.
The wyvern skeleton bites you!
The quasit bites you but does no damage.
The quasit barely misses you.
The quasit claws you but does no damage.
You hit the quasit.
The quasit is severely wounded.
The wyvern skeleton bites you!
* * * LOW HITPOINT WARNING * * *
The quasit barely misses you. The quasit claws you.
* * * LOW HITPOINT WARNING * * *
You feel clumsy. The quasit claws you.
* * * LOW HITPOINT WARNING * * *
Blink to where?
Press: ? - help, Dir - move target
Okay, then.
You barely miss the wyvern skeleton. The quasit barely misses you.
The quasit claws you but does no damage. x2
The wyvern skeleton closely misses you.
You closely miss the quasit.
The quasit is severely wounded.
The quasit disappears in a puff of smoke!
The wyvern skeleton bites you!
* * * LOW HITPOINT WARNING * * *
Eustachio casts a spell.
You hit the wyvern skeleton.
The wyvern skeleton is lightly damaged.
The wyvern skeleton barely misses you. The quokka closely misses you.
You hit the wyvern skeleton.
The wyvern skeleton is lightly damaged.
The wyvern skeleton bites you!
You die...

#....:#
#.........
##.....#
#.........
##......#
#.........
.......#
#.........
#...r.#
##........
#.....#
##.....#.
#.@hr.#
##..#.....
###r###
#.....#### #@#
#....##
#Z#######....#
#............#
#.#######....#
.... #....#
..###.
#....... .Z.
.# #....... ##
.. .....#..#
.# #.....#.##


You could see Eustachio, a howler monkey, 2 river rats, a quokka (summoned) and
a wyvern skeleton.

Vanquished Creatures
  Pikel (D:4)
  Sigmund (D:3)
  Menkaure (D:4)
  A water moccasin (D:5)
  2 black bears (D:6)
  4 ogres
  A phantom (D:6)
  A howler monkey (D:5)
  A hound (D:5)
  A bullfrog zombie (D:5)
  2 orc priests (D:5)
  A centaur zombie (D:5)
  3 iguanas (D:5)
  3 hound skeletons
  7 adders
  An ufetubus (D:5)
  2 adder skeletons (D:4)
  2 worms
  5 dart slugs
  6 orcs (D:5)
  5 bats
  7 endoplasms
  A giant cockroach (D:4)
  5 goblins
  10 hobgoblins
  4 jackals (D:1)
  2 kobolds
  7 quokkas
  9 ball pythons
  6 frilled lizards
  9 rats
111 creatures vanquished.

Vanquished Creatures (others)
  3 fungi (D:1)
  2 plants (D:1)
5 creatures vanquished.

Grand Total: 116 creatures vanquished

Notes
Turn   | Place    | Note
-------+----------+-------------------------------------------
     0 | D:1      | Kangaroobicon the Troll Brigand began the quest for the
                  | Orb.
     0 | D:1      | Reached XP level 1. HP: 19/19 MP: 0/0
    80 | D:1      | Found Poest's Distillery.
   105 | D:1      | Reached XP level 2. HP: 24/27 MP: 1/1
   169 | D:1      | Found a faded altar of an unknown god.
   179 | D:1      | Got Plato's Handbook of Ice
   180 | D:1      | Prayed at the altar of an unknown god.
   180 | D:1      | Became a worshipper of Ignis, the Dying Flame
   669 | D:1      | Reached XP level 3. HP: 33/35 MP: 2/2
   782 | D:2      | Reached skill level 1 in Dodging
   829 | D:2      | Reached skill level 2 in Short Blades
  1157 | D:2      | Reached XP level 4. HP: 42/42 MP: 3/3
  1445 | D:3      | Found Jadetwaf's Antique Weapon Shoppe.
  1546 | D:3      | Noticed Sigmund
  1559 | D:3      | Killed Sigmund
  1560 | D:3      | Reached skill level 3 in Short Blades
  1560 | D:3      | Reached XP level 5. HP: 25/50 MP: 4/4
  1713 | D:3      | Found the +4 dagger "Morg" {pain, Will+ Int+5}
  2211 | D:4      | Noticed an ogre
  2219 | D:4      | Noticed an ogre
  2223 | D:4      | Killed an ogre
  2224 | D:4      | Reached XP level 6. HP: 59/59 MP: 5/5
  2510 | D:4      | Noticed Menkaure
  2524 | D:4      | Killed Menkaure
  2525 | D:4      | Reached XP level 7. HP: 6/66 MP: 6/6
  2639 | D:4      | Found a basalt altar of Yredelemnul.
  2751 | D:4      | Noticed Pikel
  2841 | D:4      | Killed Pikel
  2842 | D:4      | Reached skill level 4 in Short Blades
  2842 | D:4      | Reached XP level 8. HP: 27/75 MP: 7/7
  3023 | D:4      | Found a glowing silver altar of Zin.
  3266 | D:5      | Entered Level 5 of the Dungeon
  3290 | D:5      | Found a bloodstained altar of Trog.
  3291 | D:5      | Found an iron altar of Okawaru.
  3295 | D:5      | Found an ancient bone altar of Kikubaaqudgha.
  3488 | D:5      | Reached skill level 1 in Armour
  3876 | D:5      | Found a glowing golden altar of the Shining One.
  4170 | D:6      | Reached skill level 5 in Short Blades
  4196 | D:6      | Noticed Eustachio
  4228 | D:6      | HP: 2/78 [wyvern skeleton (12)]
  4230 | D:6      | Slain by a wyvern skeleton

Illustrated notes

Levels and vault maps discovered:
D:1:      minmay_arrival_stone_box, layout_rooms, serial_shops, shop,
          shapermc_ecumenical_altar_rom_forum, minivault_5, st_stairs_8,
          supply_closet_lemuel
D:2:      layout_basic, minmay_surrounded
D:3:      layout_basic, serial_shops, nicolae_shop_statue_plus,
          minmay_misc_feat_plants, uniq_sigmund
D:4:      layout_gridville, overflow_temple_1_default,
          mainiacjoe_overflow_cross_hatched, uniq_pikel, uniq_menkaure
D:5:      layout_loops_ring, grunt_temple_overflow_open, tso_altar,
          nrook_campfire
D:6:      layout_rooms, nicolae_qazlal_scattered_showers, uniq_eustachio

Skill      XL: |  1  2  3  4  5  6  7  8 |
---------------+-------------------------+-----
Throwing       | 2 3 4 |  4.1
Dodging        | 1 2 3 |  3.8
Short Blades   | 2 3 4 5 |  5.0
Fighting       | 2 3 |  3.8
Stealth        | 3 4 |  4.4
Armour         | 1 |  1.8

Action                   |  1- 3 |  4- 6 |  7- 9 || total
-------------------------+-------+-------+-------++-------
Melee: Dagger            |   156 |    81 |   277 ||   514
       Punch             |     2 |       |     3 ||     5
Throw: Dart              |       |    22 |     6 ||    28
  Use: Scroll            |       |     3 |     4 ||     7
       Potion            |       |     1 |     1 ||     2
 Stab: Sleeping          |     3 |     5 |     7 ||    15
       Distracted        |     1 |       |       ||     1
Armor: Robe              |    53 |    14 |   113 ||   180
Dodge: Dodged            |    65 |    19 |   152 ||   236
